 Dungeon Sprint DCSS version 0.26.1-11-gd32895ea62 (webtiles) character file.

Game seed: 10498794646474067955

13 Zeld the Chopper (level 2, 26/26 HPs)
             Began as a Minotaur Monk on June 12, 2021.
             Was a Believer of Trog.
             Quit the game in the Dungeon (Sprint V: "Ziggurat Sprint").
             The game lasted 00:00:47 (106 turns).

Zeld the Chopper (Minotaur Monk)                     Turns: 106, Time: 00:00:48

Health: 26/26      AC: 19    Str: 27    XL:     2   Next: 24%
Magic:  1/1        EV:  1    Int:  7    God:    Trog [**....]
Gold:   0          SH:  0    Dex: 12    Spells: 1/1 levels left

rFire    . . .     SeeInvis .   j - +5 broad axe
rCold    . . .     Faith    .   i - +3 tower shield
rNeg     . . .     Spirit   .   h - +5 crystal plate armour
rPois    .         Reflect  .   (helmet restricted)
rElec    .         Harm     .   (no cloak)
rCorr    .         Rampage  .   (no gloves)
Will     .....     NoTele   +   (no boots)
Stlth    ..........             (no amulet)
HPRegen  0.08/turn              y - +6 ring of strength
MPRegen  0.07/turn              z - +6 ring of strength

@: confused
A: retaliatory headbutt, horns 2
a: Renounce Religion, Berserk, Trog's Hand


You were in the Dungeon.
You worshipped Trog.
Trog was pleased with you.
You visited 1 branch

Inventory:

Hand Weapons
 j - a +5 broad axe (weapon)
Armour
 h - a +5 crystal plate armour (worn)
 i - a +3 tower shield (worn)
Jewellery
 y - a +6 ring of strength (left hand)
 z - a +6 ring of strength (right hand)
Wands
 v - a wand of disintegration (7)
 w - a wand of iceblast (7)
 x - a wand of acid (7)
Scrolls
 g - 4 scrolls of blinking
 k - 4 scrolls of amnesia
 l - 7 scrolls of fog
 m - a scroll of holy word
 n - 5 scrolls of identify
 o - 5 scrolls of remove curse
 p - 2 scrolls of fear
Potions
 b - 10 potions of curing
 c - 10 potions of heal wounds
 d - 6 potions of haste
 e - 7 potions of magic
 f - 3 potions of berserk rage
 q - 2 potions of brilliance
 r - 2 potions of invisibility
 s - 4 potions of resistance
 u - 5 potions of might
Miscellaneous
 A - a lightning rod (4/4)


   Skills:
 - Level 3.6 Fighting
 * Level 6.2 Axes
 - Level 3.2 Dodging
 - Level 1.5 Stealth
 * Level 6.2 Shields
 - Level 3.2 Unarmed Combat


You had one spell level left.
You didn't know any spells.
Your spell library was empty.

Dungeon Overview and Level Annotations

Branches:
Dungeon (1/1)

Altars:
Ashenzari
Cheibriados
Dithmenos
Elyvilon
Fedhas
Gozag
Hepliaklqana
Kikubaaqudgha
Makhleb
Nemelex Xobeh
Okawaru
Qazlal
Ru
Sif Muna
Trog
Uskayaw
Vehumet
Wu Jian
Xom
Yredelemnul
Zin
The Shining One
Beogh
Jiyva
Lugonu

Annotations:
D 1 transporter


Innate Abilities, Weirdness & Mutations

You reflexively headbutt those who attack you in melee.
You have a pair of horns on your head.


Message History

You are too confused!
The golden eye blinks!
The golden eye blinks at you.
You are more confused.
The golden eye blinks at you.
You are more confused.
You completely miss the golden eye. Your headbutt misses the golden eye.
The golden eye blinks at you.
You are more confused.
You're too confused to move!
The golden eye blinks!
Unknown command.
Unknown command.
Unknown command.
The golden eye blinks at you.
You are more confused.
You see here a Young Poisoner's Handbook.
You are too confused!
You are too confused!
You are too confused!
Are you sure you want to abandon this character and quit the game? (Confirm with "yes".)

▓▓▓▓▓▓▓
▓.8©8.▓
▓.....▓
▓.@.).▓
▓.....▓
▓.G...▓
▓..©..▓
▓▓▓▓▓▓▓


You could see a golden eye.

Vanquished Creatures
  An ooze (D)
1 creature vanquished.

Notes
Turn   | Place    | Note
-------+----------+-------------------------------------------
     0 | D        | Zeld the Minotaur Monk began the quest for the Orb.
     0 | D        | Reached XP level 1. HP: 19/19 MP: 0/0
     3 | D        | Found a blossoming altar of Fedhas.
     4 | D        | Found the +6 Majin-Bo {vamp, MP+6 Int+6}
     4 | D        | Found the +9 heavy crossbow "Sniper" {vorpal, Acc+∞ SInv}
     4 | D        | Found the +10 dark maul {vorpal}
     4 | D        | Found the +15 Maxwell's patent armour {-Cast -Tele rElec
                  | Will+ rCorr}
     4 | D        | Found the +18 shield of the Gong {rElec rN+ Will+ EV-5}
     4 | D        | Found the cursed +14 obsidian axe {vorpal, +Fly SInv
                  | *Curse}
     4 | D        | Found the +7 great mace "Firestarter" {inner flame, rF++}
     4 | D        | Found the +6 shillelagh "Devastator" {shatter}
     4 | D        | Found the +11 plutonium sword {*Contam Stlth-}
     4 | D        | Found the +8 lance "Wyrmbane" {slay drac, rPois rF+ rC+
                  | AC+3}
     4 | D        | Found the +9 sword of Zonguldrok {reap}
     4 | D        | Found the cursed +13 scythe of Curses {drain, *Curse}
     4 | D        | Found the +5 sword of Power {vorpal}
     4 | D        | Found the +7 mace of Variability {chain chaos}
     4 | D        | Found the +7 Singing Sword {vorpal, sonic wave}
     4 | D        | Found the +8 storm bow {elec, penet}
     5 | D        | Found a viscous altar of Jiyva.
     5 | D        | Found a hazy altar of Hepliaklqana.
     5 | D        | Found a transporter.
     5 | D        | Found an opulent altar of Gozag.
     5 | D        | Found an ancient bone altar of Kikubaaqudgha.
     5 | D        | Found a corrupted altar of Lugonu.
    11 | D        | Found a burning altar of Makhleb.
    12 | D        | Found a sacrificial altar of Ru.
    12 | D        | Found a stormy altar of Qazlal.
    12 | D        | Found a shimmering blue altar of Sif Muna.
    12 | D        | Found an iron altar of Okawaru.
    12 | D        | Found a bloodstained altar of Trog.
    12 | D        | Found a sparkling altar of Nemelex Xobeh.
    45 | D        | Banished a spatial maelstrom
    47 | D        | Became a worshipper of Trog the Wrathful
    47 | D        | Reached * piety under Trog
    47 | D        | Reached ** piety under Trog
    68 | D        | Reached XP level 2. HP: 26/26 MP: 1/1
    96 | D        | Entered arena 2.
    96 | D        | Noticed a golden eye
    96 | D        | Found a transporter.
   106 | D        | Quit the game

Illustrated notes

Levels and vault maps discovered:
D:        sprint_v [room_start, room_1, room_2, room_3, room_4, room_5, room_6,
          room_7, room_8, room_9, room_10, room_11, room_12, room_13, room_14,
          room_15, room_16, room_17, room_18, room_19, room_20, room_21,
          room_22, room_23, room_24, room_25, room_26, room_27]

Skill      XL: |  1 |
---------------+----+-----
Axes           | 6 |  6.2
Shields        | 6 |  6.2
Fighting       | |  3.6
Dodging        | |  3.2
Stealth        | |  1.5
Unarmed Combat | |  3.2

Action                   || total
-------------------------++-------
Melee: Broad axe         ||     3
  Use: Potion            ||     1
Block: Tower shield      ||     1
